Map: [ESL] Glittering Ashes

Players

Creator

  • Race: Protoss Protoss

Ryung - Winner!

  • Race: Terran Terran

Event: IEM Katowice 2022

VOD

Have the link to the VOD?

Description

Time

  • Played on: Feb. 23, 2022, 9:50 a.m.
  • Length: 6:29

All games in this series

Show
View Real Time Build Order
Export as new Build Order

Creator Protoss 

Build Orders: 1 Gate Expand, Oracle Opening, Phoenix Opening 

Get SALT Encoding   

  12  0:00  Probe  
  13  0:12  Probe  
  14  0:18  Pylon  
  14  0:24  Probe (Chrono Boost)  
  15  0:36  Gateway  
  15  0:37  Probe (Chrono Boost)  
  16  0:44  Probe (Chrono Boost)  
  16  0:46  Assimilator  
  17  0:52  Probe  
  18  1:04  Probe  
  19  1:16  Probe  
  20  1:24  Cybernetics Core  
  20  1:33  Nexus  
  20  1:38  Pylon  
  20  1:42  Probe  
  21  1:48  Assimilator  
  21  1:54  Probe  
  22  1:58  Adept (Chrono Boost)  
  24  2:06  Probe  
  25  2:18  Probe  
  25  2:20  Adept (Chrono Boost)  
  25  2:21  Stargate  
  28  2:30  Probe  
  28  2:33  Warp Gate  
  30  2:44  Adept  
  30  2:45  Probe (Chrono Boost)  
  30  2:46  Probe (Chrono Boost)  
  33  2:55  Probe (Chrono Boost)  
  33  2:57  Probe (Chrono Boost)  
  35  3:00  Probe (Chrono Boost)  
  35  3:03  Oracle (Chrono Boost)  
  36  3:06  Probe  
  36  3:11  Probe  
  41  3:18  Pylon, Probe  
  42  3:23  Probe  
  43  3:31  Probe  
  43  3:33  Phoenix  
  46  3:36  Probe  
  46  3:40  Gateway  
  47  3:45  Probe (Chrono Boost), Assimilator  
  47  3:46  Pylon  
  48  3:48  Probe (Chrono Boost)  
  50  3:58  Phoenix  
  50  3:59  Probe (Chrono Boost)  
  50  4:00  Probe (Chrono Boost), Assimilator  
  53  4:04  Probe (Chrono Boost)  
  53  4:07  Probe  
  53  4:09  Robotics Facility  
  55  4:13  Pylon  
  55  4:16  Probe  
  56  4:19  Probe  
  56  4:22  Phoenix  
  59  4:28  Probe  
  60  4:31  Probe  
  61  4:40  Probe  
  61  4:41  Pylon  
  61  4:42  Forge  
  61  4:43  Gateway, Probe  
  63  4:47  Phoenix  
  65  4:54  Immortal (Chrono Boost)  
  65  4:56  Robotics Bay  
  69  5:04  Sentry  
  71  5:07  Shield Battery  
  71  5:12  Nexus  
  71  5:15  Pylon  
  71  5:18  Phoenix  
  73  5:24  Probe  
  73  5:25  Probe  
  75  5:38  Stalker x2, Zealot  
  57  5:51  Probe x2  
  48  5:59  Zealot  
  48  6:03  Adept  
  48  6:04  Stalker  
  48  6:10  Probe x2  
  40  6:19  Robotics Facility  
Show
View Real Time Build Order
Export as new Build Order

Ryung Terran - Winner!

Build Orders:  

Get SALT Encoding   

  12  0:00  SCV  
  13  0:12  SCV  
  14  0:16  Supply Depot  
  14  0:24  SCV  
  15  0:38  SCV  
  15  0:39  Barracks  
  16  0:43  Refinery  
  16  0:50  SCV  
  17  1:02  SCV  
  18  1:14  SCV  
  19  1:26  Marine  
  19  1:27  Orbital Command  
  20  1:45  Barracks Reactor, Command Center  
  20  1:52  SCV  
  21  1:54  Supply Depot  
  21  2:04  SCV  
  21  2:08  Factory  
  22  2:16  SCV  
  22  2:21  Marine  
  22  2:22  Marine  
  25  2:23  Barracks  
  25  2:29  SCV  
  26  2:39  Marine  
  26  2:40  Marine  
  26  2:41  SCV  
  26  2:43  Barracks  
  29  2:51  Hellion  
  29  2:57  SCV  
  29  2:58  Orbital Command  
  32  3:06  Refinery  
  32  3:09  SCV  
  32  3:12  Marine x2  
  34  3:13  Barracks Tech Lab  
  34  3:16  Widow Mine  
  37  3:21  SCV  
  37  3:26  SCV  
  39  3:31  Barracks Tech Lab  
  39  3:33  Supply Depot  
  39  3:34  Stimpack  
  39  3:35  SCV  
  39  3:38  SCV  
  41  3:42  Engineering Bay  
  41  3:47  SCV, Marine  
  41  3:48  Marine  
  44  3:50  SCV  
  44  3:51  Marine  
  44  3:54  Marine  
  47  3:57  Combat Shield  
  47  3:59  SCV  
  46  4:03  Supply Depot  
  46  4:07  Marine  
  46  4:08  Marine  
  46  4:09  Terran Infantry Weapons Level 1  
  48  4:14  Marine x2  
  48  4:15  SCV  
  48  4:16  SCV  
  52  4:23  Factory Reactor  
  52  4:24  Starport  
  52  4:27  SCV  
  52  4:28  SCV  
  52  4:31  Supply Depot  
  54  4:34  Marauder  
  54  4:35  Marauder  
  54  4:37  Marine  
  59  4:38  Marine  
  59  4:40  SCV  
  59  4:41  SCV  
  62  4:46  Refinery  
  62  4:48  Supply Depot  
  62  4:53  SCV x2  
  62  4:54  Marine  
  62  4:56  Supply Depot  
  65  5:01  Marauder x2  
  65  5:04  Marine  
  70  5:09  SCV, Medivac  
  70  5:10  SCV  
  74  5:15  Supply Depot, Medivac  
  76  5:22  Supply Depot, SCV x2  
  76  5:23  Factory Reactor, Refinery  
  76  5:24  Marine  
  76  5:28  Marauder  
  81  5:34  SCV x2  
  76  5:45  Marauder  
  76  5:46  SCV x2  
  76  5:49  Marauder, Medivac  
  82  6:00  Marine x2  
  84  6:04  SCV x2  

Tags
 
Add a new tag
Caveats
  • Supply blocks, unpowered buildings, or Contaminate may cause inaccurate times.
  • Supply counts are checked every 10 seconds.